 Dungeon Crawl Stone Soup version 0.27-a0-95-g5a9077b8ae (webtiles) character file.

Game seed: 16779522831424616404

273 knot the Chopper (level 6, 70/70 HPs)
             Began as a Demonspawn Berserker on Jan 19, 2021.
             Was a Priest of Trog.
             Quit the game in a sewer.
             The game lasted 00:04:44 (5293 turns).

knot the Chopper (Demonspawn Berserker)             Turns: 5293, Time: 00:04:44

Health: 70/70      AC:  3    Str: 21 (23) XL:     6   Next: 3%
Magic:  5/5        EV: 12    Int:  9 (11) God:    Trog [***...]
Gold:   229        SH:  0    Dex: 16 (18) Spells: 5/5 levels left

rFire    . . .     SeeInvis .   a - +1 hand axe
rCold    . . .     Faith    .   (no shield)
rNeg     . . .     Spirit   +   b - +1 animal skin
rPois    .         Reflect  .   (helmet restricted)
rElec    .         Harm     .   (no cloak)
rCorr    .         Rampage  .   (no gloves)
Will     .....                  (no boots)
Stlth    ..........             (no amulet)
HPRegen  0.21/turn              s - +6 ring of dexterity
MPRegen  0.09/turn              l - +6 ring of strength

@: berserking, very quick
A: claws 1, horns 2, low mp 1, magic shield, no potion heal 1
a: Renounce Religion, Berserk, Trog's Hand


You were in a sewer.
You worshipped Trog.
Trog was most pleased with you.
You visited 1 branch of the dungeon, and saw 4 of its levels.
You also visited: Sewer.

You collected 229 gold pieces.

Inventory:

Hand Weapons
 a - a +1 hand axe (weapon)
Missiles
 d - 91 stones
 m - 8 silver boomerangs (quivered)
 u - 4 atropa-tipped darts
Armour
 b - a +1 animal skin (worn)
Magical Staves
 r - an uncursed staff of fire {unknown}
Jewellery
 l - a +6 ring of strength (right claw)
 s - a +6 ring of dexterity (left claw)
Scrolls
 c - 5 scrolls of identify
 g - a scroll of enchant armour
 k - 2 scrolls of remove curse
 p - a scroll of random uselessness {unknown}
 q - 2 scrolls of enchant weapon
 w - 2 scrolls of teleportation
 x - a scroll of fear {unknown}
Potions
 j - a potion of heal wounds
 n - 4 potions of flight
 o - a potion of lignification {unknown}
 t - 3 potions of curing {unknown}
 v - a potion of ambrosia {unknown}
 z - a potion of invisibility {unknown}


   Skills:
 - Level 3.0 Fighting
 + Level 6.2 Axes
 - Level 1.7 Armour
 - Level 1.7 Dodging


You had 5 spell levels left.
You didn't know any spells.
Your spell library contained the following spells:

 Spells                   Type           Power        Failure   Level
 Confusing Touch          Hex            0%           77%         3
 Gell's Gravitas          Tloc           0%           77%         3
 Petrify                  Tmut/Erth      0%           99%         4
 Metabolic Englaciation   Hex/Ice        0%           100%        5
 Yara's Violent Unravell  Hex/Tmut       0%           100%        5


Dungeon Overview and Level Annotations

Branches:
Dungeon (4/15)              Sewer (1/1)
 Temple: D:4-7

Altars:
Fedhas
Wu Jian


Innate Abilities, Weirdness & Mutations

You have a pair of horns on your head.
When hurt, damage is shared between your health and your magic reserves.
You have sharp fingernails.
Your magical capacity is low. (-10% MP)
Potions are less effective at restoring your health.


Message History

You feel clever.
Your demonic ancestry asserts itself...
Your mutations feel more permanent.
You slash the worm!
The worm is severely wounded.
The worm barely misses you.
You slash the worm!
You kill the worm!
Trog accepts your kill. The worm barely misses you.
You see here a worm corpse.
You slash the worm! You headbutt the worm!
The worm is almost dead.
You slash the worm!
You kill the worm!
Trog accepts your kill.
No target in view!
No target in view!
Unknown command.
Unknown command.
Are you sure you want to abandon this character and quit the game? (Confirm with "yes".)

#≈.≈≈≈.≈.≈≈.≈≈≈.≈.≈≈≈≈≈#
#≈≈≈≈≈≈≈≈≈≈≈≈≈≈≈≈≈≈≈≈≈≈#
#≈≈≈≈≈≈≈≈≈≈≈≈≈≈.≈≈≈≈≈≈≈#
#.≈≈####≈≈####≈≈≈###≈≈≈#
#≈≈≈# #.≈# #≈≈.# #≈≈≈#
#≈≈≈# #≈.# #≈≈≈# #≈≈≈#
#.≈≈# #..# ##≈≈.# #≈≈≈#
#≈≈.# #..#.##≈≈≈# #≈≈≈#
#.≈≈# +.@†.##.≈≈# #.≈≈#
#.≈≈# +..'.##.≈≈# #≈≈≈#
#≈≈≈# #..#.##.≈.# #.≈≈#
#≈≈≈# #..####≈≈≈# #≈≈≈#
#≈≈≈# #..# #≈≈.# #≈≈≈#
#≈≈≈# #..# #.≈≈# #≈≈≈#
#≈≈≈# #..# #≈≈.# #.≈≈#
#.≈≈# +..+ #.≈≈# #≈≈≈#
#≈≈≈# #≈≈≈# #≈≈≈#


There were no monsters in sight!

Vanquished Creatures
  2 worker ants (D:4)
  A hound skeleton (D:4)
  7 adders
  A gnoll (D:1)
  An ooze (D:4)
  2 adder skeletons (D:4)
  8 worms
  A dart slug (D:1)
  5 leopard geckos
  3 orcs
  2 ball pythons
  10 giant cockroaches
  5 goblins
  11 hobgoblins
  8 jackals
  2 quokkas
  15 bats
  6 frilled lizards
  3 kobolds
  10 rats
103 creatures vanquished.

Notes
Turn   | Place    | Note
-------+----------+-------------------------------------------
     0 | D:1      | knot the Demonspawn Berserker began the quest for the Orb.
     0 | D:1      | Reached XP level 1. HP: 18/18 MP: 1/1
     8 | D:1      | You fall into a shaft and drop 1 floor!
   417 | D:1      | Reached skill level 3 in Axes
   541 | D:1      | Gained mutation: When hurt, damage is shared between your
                  | health and your magic reserves. [demonic ancestry]
   541 | D:1      | Reached XP level 2. HP: 14/24 MP: 2/2
  1654 | D:1      | Gained mutation: You have a pair of small horns on your
                  | head. [demonic ancestry]
  1654 | D:1      | Reached XP level 3. HP: 28/29 MP: 3/3
  1818 | D:2      | Reached skill level 4 in Axes
  2100 | D:2      | Reached ** piety under Trog
  2488 | D:2      | Reached XP level 4. HP: 29/35 MP: 2/4
  3174 | D:3      | Found an ornate altar of the Wu Jian Council.
  3689 | D:3      | Reached skill level 5 in Axes
  4159 | D:4      | Reached XP level 5. HP: 41/41 MP: 2/5
  4359 | D:4      | Found a blossoming altar of Fedhas.
  4801 | D:4      | Found a glowing drain.
  4805 | D:4      | Reached *** piety under Trog
  4808 | D:4      | Reached skill level 6 in Axes
  4818 | Sewer    | Entered a sewer
  5172 | Sewer    | Gained mutation: Potions are less effective at restoring
                  | your health. [potion of mutation]
  5172 | Sewer    | Gained mutation: You have sharp fingernails. [potion of
                  | mutation]
  5172 | Sewer    | Gained mutation: Your magical capacity is low. (-10% MP)
                  | [potion of mutation]
  5172 | Sewer    | Gained mutation: You have a pair of horns on your head.
                  | [potion of mutation]
  5288 | Sewer    | Mutation became permanent: You have a pair of small horns
                  | on your head. [demonic ancestry]
  5288 | Sewer    | Gained mutation: You have a pair of horns on your head.
                  | [demonic ancestry]
  5288 | Sewer    | Reached XP level 6. HP: 47/47 MP: 5/5
  5293 | Sewer    | Quit the game

Illustrated notes

Levels and vault maps discovered:
D:1:      eino_arrival_cavern_a, layout_basic, minmay_indecisive_spiral
D:2:      layout_loops_ring
D:3:      layout_rooms, nzn_wu_jian_council_hall, nicolae_underground_beach
D:4:      layout_loops_ring, marbit_many_paths, portal_sewer_entry_f,
          chequers_avenue
Sewer:    sewer_fruit_machine

Skill      XL: |  1  2  3  4  5 |
---------------+----------------+-----
Axes           | 3 4 5 6 |  6.2
Fighting       | |  3.0
Armour         | |  1.7
Dodging        | |  1.7

Action                   |  1- 3 |  4- 6 || total
-------------------------+-------+-------++-------
Melee: Hand axe          |   127 |   167 ||   294
       Headbutt          |     6 |    40 ||    46
Invok: Berserk           |     4 |     6 ||    10
  Use: Scroll            |       |     7 ||     7
       Potion            |       |     5 ||     5
 Stab: Sleeping          |     1 |     3 ||     4
Armor: Animal skin       |    21 |    42 ||    63
Dodge: Dodged            |    93 |   101 ||   194

Table legend: (Time is in decaauts)
 A = Elapsed time spent in this place.
 B = Non-inter-level travel time spent in this place.
 C = Inter-level travel time spent in this place.
 D = Time resting spent in this place.
 E = Time spent auto-exploring this place.
 F = Levels seen in this place.
 G = Mean time per level.
                   A        B        C        D        E       F      G
               +--------+--------+--------+--------+--------+-----+--------+
         Total |   5532 |   5446 |     86 |   1167 |   3567 |   5 | 1106.4 |
       Dungeon |   4935 |   4849 |     86 |   1108 |   3166 |   4 | 1233.8 |
         Sewer |    596 |    596 |      0 |     58 |    400 |   1 |  596.0 |
               +--------+--------+--------+--------+--------+-----+--------+

Top non-repeatable levels by time:
     D:1: 1892 daAuts
     D:3: 1200 daAuts
     D:2: 1154 daAuts
     D:4: 688 daAuts
   Sewer: 596 daAuts
